 Dungeon Crawl Stone Soup version 0.31-a0-187-gba352fbbf7 (webtiles) character file.

Game seed: 10083203191088734569

112 qw the Skirmisher (level 4, -1/25 HPs)
             Began as a Deep Elf Hunter on June 22, 2023.
             Slain by a goblin
             ... wielding a +0 dagger
             ... led by Robin
              (3 damage)
             ... on level 2 of the Dungeon.
             The game lasted 00:00:19 (867 turns).

qw the Skirmisher (Deep Elf Hunter)                  Turns: 867, Time: 00:00:20

Health: -1/25      AC:  8    Str: 10    XL:     4   Next: 63%
Magic:  6/6        EV: 11    Int: 14    God:
Gold:   20         SH:  0    Dex: 24    Spells: 3/3 levels left

rFire   . . .        Y - +0 shortbow
rCold   . . .        (shield currently unavailable)
rNeg    . . .        i - +0 ring mail
rPois   .            (no helmet)
rElec   .            (no cloak)
rCorr   .            g - +2 pair of gloves {Stlth+}
SInv    .            (no boots)
Will    .....        (no amulet)
Stlth   +++          f - +6 ring of dexterity
HPRegen 0.24/turn    (no ring)
MPRegen 0.10/turn

%: no passive effects
@: no status effects
A: no striking features
a: no special abilities


You were on level 2 of the Dungeon.
You visited 1 branch of the dungeon, and saw 2 of its levels.

You collected 20 gold pieces.


   Skills:
 - Level 1.5 Fighting
 - Level 8.1 Ranged Weapons
 + Level 2.4 Dodging
 - Level 1.2 Stealth


You had 3 spell levels left.
You didn't know any spells.
Your spell library was empty.

Inventory:

Hand Weapons
 Y - a +0 shortbow (weapon)
Armour
 g - a +2 pair of gloves of stealth (worn)
 i - a +0 ring mail (worn)
Jewellery
 f - a +6 ring of dexterity (left hand)
Potions
 e - a potion of haste

Dungeon Overview and Level Annotations

Branches:
Dungeon (2/15)

Altars:


Message History

The arrow hits the scorpion but does no damage.
The scorpion is heavily wounded.
The scorpion closely misses you. The hobgoblin barely misses you.
The goblin hits you but does no damage. The scorpion barely misses you.
You shoot an arrow.
The arrow hits the scorpion but does no damage.
The scorpion is heavily wounded.
The hobgoblin misses you. The goblin hits you but does no damage.
The scorpion barely misses you.
You shoot an arrow. The arrow hits the scorpion.
The scorpion is severely wounded.
The scorpion barely misses you. The hobgoblin hits you.
The goblin hits you but does no damage.
You shoot an arrow. The arrow closely misses the scorpion.
The scorpion stings you but does no damage.
The hobgoblin hits you but does no damage.
The goblin barely misses you. The scorpion barely misses you.
You shoot an arrow. The arrow closely misses the scorpion.
The goblin no longer looks unusually strong.
The hobgoblin barely misses you. The goblin closely misses you.
The scorpion closely misses you. The hobgoblin closely misses you.
The goblin closely misses you.
You shoot an arrow. The arrow barely misses the scorpion.
The scorpion misses you. The hobgoblin barely misses you.
The goblin hits you but does no damage. The scorpion closely misses you.
You shoot an arrow. The arrow hits the scorpion.
The scorpion is almost dead.
The scorpion stings you but does no damage.
The hobgoblin hits you. The goblin hits you with a +0 dagger.
You shoot an arrow. The arrow hits the scorpion.
You kill the scorpion!
The hobgoblin hits you but does no damage.
The goblin hits you but does no damage.
Your Ranged Weapons skill increases to level 8!
You have reached level 4!
You feel clever.
You shoot an arrow. The arrow hits the goblin!
You kill the goblin!
The hobgoblin hits you but does no damage.
The goblin hits you with a +0 dagger.
You die...

.#....
.#.).
.#). ...
rg ..
g###..#
##gg....#
#@g......
#g#####.#
#.# #.###
#...#
###.# #.#
#.## #..#
.#


You could see a quokka, a hobgoblin and 5 goblins.

Vanquished Creatures
  A scorpion (D:2)
  Robin (D:2)
  An adder (D:2)
  A dart slug (D:1)
  3 bats
  4 endoplasms
  A giant cockroach (D:1)
  6 goblins
  3 hobgoblins
  4 kobolds
  3 ball pythons (D:1)
  A frilled lizard (D:1)
  7 rats (D:1)
36 creatures vanquished.

Notes
Turn   | Place    | Note
-------+----------+-------------------------------------------
     0 | D:1      | qw the Deep Elf Hunter began the quest for the Orb.
     0 | D:1      | Reached XP level 1. HP: 12/12 MP: 3/3
     0 | D:1      | 0 ||| qw: Version: 0.3-a-9-g12657ce
     0 | D:1      | 0 ||| qw: Game counter: 2241
     0 | D:1      | 0 ||| qw: Always use a shield: true
     0 | D:1      | 0 ||| qw: God list: Okawaru
     0 | D:1      | 0 ||| qw: Allow faded altars: false
     0 | D:1      | 0 ||| qw: Do Orc after D:15 true
     0 | D:1      | 0 ||| qw: Do second Lair branch before Depths: true
     0 | D:1      | 0 ||| qw: Lair rune preference: random
     0 | D:1      | 0 ||| qw: Plans: Normal
     0 | D:1      | 0 ||| PLANNING D:1-11
    47 | D:1      | Reached XP level 2. HP: 16/16 MP: 4/4
    49 | D:1      | Reached skill level 6 in Ranged Weapons
   742 | D:1      | 742 ||| UPGRADING to +2 pair of gloves of stealth.
   747 | D:1      | 747 ||| UPGRADING to +0 ring mail.
   757 | D:1      | 757 ||| DROPPING +0 leather armour.
   758 | D:1      | 758 ||| UPGRADING to +6 ring of dexterity.
   759 | D:1      | 759 ||| READING scroll labelled HURAUSK FYCS.
   760 | D:1      | 760 ||| READING scroll labelled IRUMIVEBBU.
   761 | D:1      | 761 ||| DRINKING 2 glowing black potions.
   762 | D:1      | 762 ||| DROPPING scroll of butterflies.
   803 | D:2      | Reached XP level 3. HP: 20/20 MP: 5/5
   841 | D:2      | Noticed Robin
   844 | D:2      | Noticed a scorpion
   845 | D:2      | Reached skill level 7 in Ranged Weapons
   851 | D:2      | Killed Robin
   857 | D:2      | HP: 5/20 [hobgoblin[Robin] (3)]
   865 | D:2      | HP: 4/20 [hobgoblin[Robin] (1)]
   865 | D:2      | HP: 1/20 [goblin/+0 dagger[Robin] (3)]
   866 | D:2      | Killed a scorpion
   867 | D:2      | Reached skill level 8 in Ranged Weapons
   867 | D:2      | Reached XP level 4. HP: 2/25 MP: 6/6
   867 | D:2      | Slain by a goblin

Levels and vault maps discovered:
D:1:      onia_arrival_handbag, layout_basic, chequers_big_river
D:2:      layout_loops_ring, hellmonk_ecumenical_altar_lost_god, basic_altar,
          uniq_robin

Skill      XL: |  1  2  3 |
---------------+----------+-----
Ranged Weapons | 6 8 |  8.1
Fighting       | |  1.5
Dodging        | |  2.4
Stealth        | |  1.2

Action                     |  1- 3 |  4- 6 || total
---------------------------+-------+-------++-------
   Fire: Shortbow          |    79 |     1 ||    80
    Use: Scroll            |     2 |       ||     2
         Potion            |     1 |       ||     1
 Armour: Leather armour    |     1 |       ||     1
         Ring mail         |    33 |     1 ||    34
  Dodge: Dodged            |    43 |       ||    43

Table legend:
 A = Non-vault XP
 B = Vault XP
 C = Vault XP percentage of total XP
 D = Non-vault monster count
 E = Vault monster count
 F = Vault count percentage of total count
                 A         B        C        D         E       F
            +---------+---------+-------+---------+---------+-------
      Total |     134 |      28 |  17.3 |      26 |      10 |  27.8
            +---------+---------+-------+---------+---------+-------
        D:1 |      33 |       4 |  10.8 |      19 |       4 |  17.4
        D:2 |     101 |      24 |  19.2 |       7 |       6 |  46.2
            +---------+---------+-------+---------+---------+-------
